[Event "Early-Titled-Tuesday-Blitz-February-27-2024"]
[Site "Chess.com"]
[Date "2024.02.27"]
[Round "10"]
[White "Kirill_Klukin"]
[Black "chesstrainer2042"]
[Result "1-0"]
[WhiteElo "2829"]
[BlackElo "2566"]
[TimeControl "180+1"]
[EndTime "9:55:39 PST"]
[Termination "Kirill_Klukin won on time"]

1. d4 Nf6 2. Nf3 c5 3. e3 g6 4. Be2 Bg7 5. O-O O-O 6. dxc5 Qa5 7. a3 Qxc5 8. b4 Qc7 9. Bb2 d6 10. c4 Nc6 11. Nc3 Bf5 12. Rc1 Qd7 13. Qb3 Rac8 14. Rfd1 Qd8 15. c5 Be6 16. Qa4 a6 17. cxd6 exd6 18.
b5 axb5 19. Nxb5 d5 20. Nfd4 Qb6 21. Rb1 Ra8 22. Qb3 Na5 23. Qb4 Bd7 24. Qe1 Ne4 25.
Nc3 Qc5 26. Nxe4 dxe4 27. Bc3 Qg5 28. Bb4 Rfe8 29. g3 Nc6 30. h4 Qf6 31. Nb5 Nxb4 32. axb4 Bxb5 33. Bxb5 Red8 34. Bc4 Qc3 35. Qxc3 Bxc3 36.
Bd5 Rab8 37. Bxe4 Rxd1+ 38. Rxd1 Bxb4 39. Rd7 f5 40. Bxb7 Bf8 41. Bd5+ Kh8 42. h5 Bg7 43. Bf7 gxh5 44. Bxh5 Rf8 45. Kg2 Be5 46.
Be2 Bb8 47. Bd3 1-0

[Event "Early-Titled-Tuesday-Blitz-February-27-2024"]
[Site "Chess.com"]
[Date "2024.02.27"]
[Round "10"]
[White "noblerone"]
[Black "dpopadic"]
[Result "1-0"]
[WhiteElo "2490"]
[BlackElo "2349"]
[TimeControl "180+1"]
[EndTime "9:55:39 PST"]
[Termination "noblerone won on time"]

1. d4 Nf6 2. c4 g6 3. Nc3 Bg7 4. Nf3 d6 5. Bg5 O-O 6. e3 c5 7. d5 Na6 8. Be2 Nc7 9. O-O a6 10. a4 Rb8 11. h3 Bd7 12. a5 b5 13. axb6 Rxb6 14. Qc2 Qb8 15. Ra2 Rb4 16. Rfa1 e5 17.
Nd2 h6 18. Bh4 Bf5 19. e4 Bd7 20. Bxf6 Bxf6 21. b3 Bg5 22. Bd1 Qc8 23. Qd3 f5 24. Nf3 Bf6 25. Bc2 f4 26. Bd1 Bg7 27. Nh2 h5 28. Nf3 Bh6 29. h4 Qd8 30. Nb1 Bg4 31. Nbd2 Qe7 32. Ra4 Rxa4 33. Rxa4 Rb8 34. Qc3 Bd7 35.
Ra1 Qd8 36. Qa5 Qc8 37. Rb1 Rb4 38. Ne1 Qb7 39. Qa3 Bf8 40. Nd3 Rb6 41. b4 Be7 42.
Bc2 cxb4 43. Rxb4 Bxh4 44. Nf3 Be7 45. Rxb6 Qxb6 46. c5 dxc5 47. Ndxe5 Be8 48. Bb3 c4 49. Qxe7 cxb3 50. d6 b2 51. dxc7 b1=Q+ 52. Kh2 1-0

[Event "Early-Titled-Tuesday-Blitz-February-27-2024"]
[Site "Chess.com"]
[Date "2024.02.27"]
[Round "10"]
[White "deepfear"]
[Black "AnaKuchava"]
[Result "0-1"]
[WhiteElo "1964"]
[BlackElo "2153"]
[TimeControl "180+1"]
[EndTime "9:55:41 PST"]
[Termination "AnaKuchava won on time"]

1. e4 c5 2. Nc3 Nc6 3. f4 e6 4. Nf3 d5 5. Bb5 Ne7 6. d3 a6 7.
Bxc6+ Nxc6 8. O-O Be7 9. Bd2 O-O 10. h3 b5 11. Nh2 b4 12. Ne2 Bb7 13. f5 dxe4 14.
dxe4 c4 15. Qe1 Bc5+ 16. Kh1 exf5 17. Rxf5 Bd6 18. Rd1 Qc7 19. Ng4 Rae8 20. Nf4 Nd4 21. Nd5 Bxd5 22. Rxd5 Bg3 23. Nf2 Nxc2 24. Qe2 b3 25.
axb3 cxb3 26. Bc3 Bxf2 27. Qxf2 Rxe4 28. Rd7 Qf4 29. Qxf4 Rxf4 30. R7d6 Rf2 31. Rxa6 Ne3 32. Rg1 Nd5 33. Rb6 Nxc3 34. bxc3 b2 35. Rb1 h5 36.
R1xb2 Rf1+ 37. Kh2 Rc8 38. Rb8 Rxb8 39. Rxb8+ Kh7 40.
c4 Rc1 41. Rc8 h4 42. c5 g5 43. c6 f5 44. c7 Kg7 45. g3 Rc2+ 46. Kg1 hxg3 47.
Kf1 f4 48. Kg1 f3 49. Rd8 Rc1+ 0-1

[Event "Early-Titled-Tuesday-Blitz-February-27-2024"]
[Site "Chess.com"]
[Date "2024.02.27"]
[Round "10"]
[White "Aygehovit1992"]
[Black "Vaathi_Coming"]
[Result "0-1"]
[WhiteElo "2696"]
[BlackElo "2900"]
[TimeControl "180+1"]
[EndTime "9:55:42 PST"]
[Termination "Vaathi_Coming won on time"]

1. e4 e6 2. d4 d5 3. Nc3 dxe4 4. Nxe4 Nf6 5. Nxf6+ gxf6 6. Nf3 a6 7. Bf4 b5 8. a4 b4 9. Bc4 Bb7 10. Qe2 Nd7 11.
a5 Bd6 12. Bg3 f5 13. Bh4 Be7 14. Bxe7 Qxe7 15. O-O-O Nf6 16. Ne5 Bxg2 17. Rhg1 Bd5 18. Rg7 Rf8 19. Rdg1 c6 20. R1g3 Qc7 21. Kb1 Qxa5 22.
Bxd5 Qxd5 23. Qd2 c5 24. Qh6 Nd7 25. Nxf7 b3 26. cxb3 Rxf7 27. Rxf7 Kxf7 28. Rg7+ Ke8 29. Qxh7 Kd8 30. Rg8+ Kc7 31. Rxa8 Qxa8 32. dxc5 Qd5 33.
b4 Qe4+ 34. Ka1 Qxb4 35. Qe7 Qe1+ 36. Ka2 Qe4 37. Qd6+ Kc8 38. c6 Qc4+ 39. Ka1 Nb6 40. Qf8+ Kc7 41. Qe7+ Kxc6 42. Qe8+ Kc5 43. Qe7+ Kb5 44.
Qe8+ Ka5 0-1

[Event "Early-Titled-Tuesday-Blitz-February-27-2024"]
[Site "Chess.com"]
[Date "2024.02.27"]
[Round "10"]
[White "Nikolakis2014"]
[Black "Natalya_Buksa"]
[Result "1-0"]
[WhiteElo "2755"]
[BlackElo "2619"]
[TimeControl "180+1"]
[EndTime "9:55:42 PST"]
[Termination "Nikolakis2014 won on time"]

1. d4 d5 2. c4 e6 3. Nf3 Nf6 4. g3 Be7 5. Bg2 O-O 6. O-O a5 7. Nc3 c6 8. b3 b6 9. Qd3 Ba6 10. e4 Nbd7 11. e5 Ne8 12. Rd1 Nc7 13.
Bf1 b5 14. Qc2 bxc4 15. bxc4 h6 16. c5 Bxf1 17. Rxf1 f6 18. Na4 fxe5 19. Nxe5 Nxe5 20. dxe5 Nb5 21. Rd1 Qe8 22. Nb6 Rd8 23. a4 Nc7 24. Bd2 Na6 25. Bxa5 Bxc5 26. Rd2 Rb8 27. Qd3 Nb4 28.
Qc3 Qe7 29. Nd7 Qxd7 30. Qxc5 Na6 31. Qd6 Rf7 32. Rc1 Qa7 33. Rxc6 Rbf8 34. Rxa6 Qb7 35. Rb6 Qa7 36. Bb4 Qxa4 37. Qxf8+ Rxf8 38. Bxf8 Kxf8 39. Rxe6 Qa1+ 40. Kg2 Qb1 41. Rd4 Qb2 42. Rf4+ Kg8 43. Re8+ Kh7 44. e6 g5 45. Rf7+ Kg6 46. h3 Qe2 47. g4 Qe4+ 48. Rf3 1-0

[Event "Early-Titled-Tuesday-Blitz-February-27-2024"]
[Site "Chess.com"]
[Date "2024.02.27"]
[Round "10"]
[White "Cambek64"]
[Black "karinachess1"]
[Result "0-1"]
[WhiteElo "2494"]
[BlackElo "2620"]
[TimeControl "180+1"]
[EndTime "9:55:42 PST"]
[Termination "karinachess1 won on time"]

1. b3 e5 2. Bb2 Nc6 3. e3 g6 4. c4 Bg7 5. d3 Nge7 6. Nd2 O-O 7.
a3 a5 8. Qc2 d6 9. Ngf3 h6 10.
Be2 Be6 11. O-O Kh7 12. Bc3 f5 13. Qb2 Bg8 14. b4 axb4 15. axb4 Qd7 16. b5 Rxa1 17. Rxa1 Nd8 18. c5 Nd5 19. cxd6 cxd6 20. d4 f4 21.
dxe5 fxe3 22. fxe3 Nxc3 23. Qxc3 dxe5 24. Ne4 Ne6 25. Rd1 Qe7 26. h3 Rd8 27. Rxd8 Qxd8 28.
Bc4 Qb6 29. Qb3 Kh8 30. Kh2 Bf7 31. Nh4 Kh7 32. Nf3 Kh8 33. h4 Bg8 34. h5 g5 35.
Kg3 Bf7 36. Nh2 Bg8 37. Ng4 Bf7 38. Kf3 Bg8 39. Qd3 Qd8 40. Qxd8 Nxd8 41. Bxg8 Kxg8 0-1

[Event "Early-Titled-Tuesday-Blitz-February-27-2024"]
[Site "Chess.com"]
[Date "2024.02.27"]
[Round "10"]
[White "Msb2"]
[Black "Elsa167"]
[Result "1-0"]
[WhiteElo "3023"]
[BlackElo "2895"]
[TimeControl "180+1"]
[EndTime "9:55:43 PST"]
[Termination "Msb2 won by resignation"]

1. d4 Nf6 2. c4 g6 3. Nc3 Bg7 4. e4 d6 5. Be2 Nbd7 6. Nf3 O-O 7. O-O e5 8. Be3 Qe7 9. Qc2 c6 10. Rad1 h6 11. h3 Nh5 12. Qd2 Kh7 13. Rfe1 b6 14.
dxe5 dxe5 15. Qd6 Qf6 16. Qxf6 Nhxf6 17. Rd6 Bb7 18. Red1 Nc5 19. Bxc5 bxc5 20. Nxe5 Nxe4 21. Nxe4 Bxe5 22. Rd7 Bc8 23. Re7 Bxb2 24. Rb1 Bd4 25. Nd6 Be6 26. Bg4 Bf6 27. Rc7 Be5 28. Bxe6 Bxd6 29.
Rxc6 Rad8 30. Rb7 Kg7 31. Bd5 Be5 32. Rxc5 Rb8 33. Rcb5 Rxb7 34. Rxb7 Bd4 35. Kf1 Kf6 36. g3 Ke5 37. Rxf7 Rxf7 38. Bxf7 g5 39. Ke2 Bc5 40. Bd5 Bb6 41. Bg8 Bc5 42. Bh7 Bb6 43. f3 Ba5 44.
Bd3 Bb6 45. h4 Kd4 46. f4 gxf4 47. gxf4 Bd8 48. h5 Bc7 49. f5 Bd8 50. Kd2 Be7 51. Kc2 Bf6 52. Bf1 Be7 53. Kb3 Bd8 54. Kb4 a6 55. Be2 Ke4 56. Bg4 Kd4 57. Bh3 Be7+ 58. Ka5 Kxc4 59. Kxa6 Kd5 60. Kb5 Ke5 61. a4 Bg5 62. a5 Be3 63. Kc6 Kf6 64. a6 Kg5 65.
Bg4 Kxg4 66. f6 Kxh5 67. f7 Kg4 68. f8=Q h5 69. Qg8+ 1-0

[Event "Early-Titled-Tuesday-Blitz-February-27-2024"]
[Site "Chess.com"]
[Date "2024.02.27"]
[Round "10"]
[White "Egor_Koshulyan"]
[Black "GMAkobianSTL"]
[Result "0-1"]
[WhiteElo "2661"]
[BlackElo "2828"]
[TimeControl "180+1"]
[EndTime "9:55:43 PST"]
[Termination "GMAkobianSTL won on time"]

1. e4 d6 2. d4 Nf6 3. Nc3 c6 4. Nf3 Bg4 5. Bd3 e6 6. O-O d5 7. e5 Nfd7 8. h3 Bh5 9. Nb1 c5 10. c3 Nc6 11. Be3 Qb6 12. Na3 c4 13. Be2 Qxb2 14. Nc2 Bg6 15. Nfe1 Qxc3 16. Bd2 Qb2 17. Rb1 Qxa2 18. Rxb7 Nb6 19. f4 Be7 20. g4 Qa6 21.
Rc7 Rc8 22. Rxc8+ Qxc8 23. f5 exf5 24. gxf5 Bxf5 25. Ne3 Bxh3 26. Rf2 Nxd4 27. Bg4 Bxg4 28. Nxg4 h5 29. Ne3 Bh4 30. Rg2 Bxe1 31. Bxe1 Ne6 32. Nf5 Kd7 33. Nd6 Qc6 34. Qf3 Rf8 35. Bb4 d4 36.
Ne4 Qa8 37. Bxf8 Qxf8 38. Nd6 c3 39. Qb7+ Nc7 40. Rf2 f6 41. exf6 gxf6 42. Ne4 Qe7 43. Nxf6+ Kd6 44. Ne4+ Ke5 45. Ng3 Qg5 46. Rf5+ Qxf5 47.
Nxf5 Kxf5 48. Qxc7 Ke4 49. Qxa7 c2 50. Qe7+ Kd3 51.
Qa3+ Kd2 52. Qb4+ Ke2 53. Qb2 d3 54. Qe5+ Kd1 55. Qxh5+ Kc1 0-1

[Event "Early-Titled-Tuesday-Blitz-February-27-2024"]
[Site "Chess.com"]
[Date "2024.02.27"]
[Round "10"]
[White "AcostaPablo"]
[Black "EsmeraldasAnderson03"]
[Result "1-0"]
[WhiteElo "2629"]
[BlackElo "2505"]
[TimeControl "180+1"]
[EndTime "9:55:43 PST"]
[Termination "AcostaPablo won by resignation"]

1. c4 e5 2. Nc3 Nc6 3. g3 f5 4. Bg2 Nf6 5. d3 Bb4 6. Nf3 Bxc3+ 7. bxc3 O-O 8. O-O d6 9. Bg5 h6 10. Bxf6 Qxf6 11. Nd2 Ne7 12. e3 c5 13. Rc1 Rb8 14. f4 b6 15. Qh5 Bb7 16. e4 exf4 17. Rxf4 Qg5 18. Qe2 Ng6 19. Rxf5 Rxf5 20. exf5 Qxf5 21. Rf1 Qd7 22. Ne4 Ne5 23. d4 cxd4 24. cxd4 Nf7 25. Qh5 Bxe4 26. Bxe4 Ng5 27. Bd5+ Kh8 28. h4 Qh3 29.
Bg2 Qxg3 30. hxg5 Qe3+ 31. Kh1 Qxg5 32. Qxg5 hxg5 33. Bd5 Kh7 34. Kg2 Re8 35. Kg3 Re2 36. Kg4 Kh6 37. Bf7 Re4+ 38. Kf5 Rxd4 39. Bd5 Rh4 40. Ke6 g4 41. Kxd6 Kg5 42. Rf7 g6 43.
Rxa7 g3 44. Ra3 Rg4 45. Bg2 Kh4 46. Rc3 Rd4+ 47. Kc6 Rd2 48. Bd5 Rxa2 49. Kxb6 Rf2 50. c5 g2 51. Bxg2 Rxg2 52. c6 Rb2+ 53. Kc5 Rb8 54. c7 Rg8 55. Kd5 g5 56. c8=Q Rxc8 57. Rxc8 g4 58. Ke4 Kh3 59. Rh8+ Kg2 60. Rg8 g3 61. Kf4 Kf2 62. Rxg3 1-0

[Event "Early-Titled-Tuesday-Blitz-February-27-2024"]
[Site "Chess.com"]
[Date "2024.02.27"]
[Round "10"]
[White "thebeast2900"]
[Black "dennisodessa"]
[Result "0-1"]
[WhiteElo "2301"]
[BlackElo "2593"]
[TimeControl "180+1"]
[EndTime "9:55:44 PST"]
[Termination "dennisodessa won on time"]

1. a3 d5 2. Nf3 Nf6 3. e3 e6 4.
d4 Bd6 5. c4 dxc4 6. Bxc4 b6 7.
Nc3 Bb7 8. O-O O-O 9. Re1 Nbd7 10. e4 e5 11. Bg5 Re8 12. Qb3 Re7 13. Nd5 Nxd5 14.
Bxd5 Bxd5 15. Qxd5 Nf6 16. Bxf6 gxf6 17. Nh4 exd4 18. Nf5 Re5 19. Qb3 Kh8 20. Qxf7 Qf8 21. Qh5 Rae8 22. Qh4 c5 23. g3 Bc7 24. Rad1 Qf7 25.
Nh6 Qe6 26. f3 Rg5 27. Ng4 Reg8 28. Kf2 f5 29. exf5 Qxf5 30. Re7 Rxg4 31. Qxh7+ Qxh7 32. Rxh7+ Kxh7 33. fxg4 Rxg4 34. Re1 Rg7 35. Re6 Rd7 36.
Ke2 Kg7 37. Kd3 Kf7 38. Rh6 b5 39. b3 Bb6 40. Rh7+ Ke6 41. Rxd7 Kxd7 42. h3 Ke6 43. g4 Kd5 44. h4 c4+ 45. bxc4+ bxc4+ 46. Kd2 Bd8 47. g5 d3 48. g6 Bf6 49. h5 Bg7 50. a4 a5 51. Kd1 Bh6 0-1

[Event "Early-Titled-Tuesday-Blitz-February-27-2024"]
[Site "Chess.com"]
[Date "2024.02.27"]
[Round "10"]
[White "Roman_Ovetchkin"]
[Black "ural58"]
[Result "0-1"]
[WhiteElo "2586"]
[BlackElo "2499"]
[TimeControl "180+1"]
[EndTime "9:55:45 PST"]
[Termination "ural58 won by resignation"]

1. d4 d5 2. c4 e5 3. dxe5 d4 4. Nf3 Nc6 5. Nbd2 a5 6. g3 Bg4 7. Bg2 Qd7 8. O-O Bh3 9. Nb3 Bxg2 10. Kxg2 O-O-O 11. Bg5 f6 12. exf6 gxf6 13. Bf4 h5 14. h4 Bh6 15. Qd2 a4 16. Nc5 Qe7 17.
Nd3 Ne5 18. Bxh6 Nxh6 19. Qa5 Nxf3 20. exf3 Kb8 21. Rfe1 Qd7 22. Re4 Qc6 23. Qb5 Qxb5 24. cxb5 Rd5 25. Rc1 Rhd8 26. Rc4 a3 27. bxa3 Nf5 28.
a4 Nd6 29. Rc2 Nxe4 30. fxe4 R5d6 31. Rc5 Rh8 32. f3 b6 33. Rf5 c6 34. f4 c5 35. Kf3 c4 36. Nb4 d3 37. Rd5 Rxd5 38. Nxd5 Rd8 39. Ke3 f5 40. Nc3 fxe4 41. Nxe4 d2 42.
Nxd2 c3 43. Nb3 c2 44. f5 Rd1 45. Kf4 Kc7 46. Kg5 Kd7 47. Kxh5 Rb1 48. g4 Rxb3 49. axb3 c1=Q 50. g5 Qd1+ 51. Kg6 Qxb3 52. f6 Ke8 53. Kh6 Qf7 54. h5 Kf8 0-1

[Event "Early-Titled-Tuesday-Blitz-February-27-2024"]
[Site "Chess.com"]
[Date "2024.02.27"]
[Round "10"]
[White "PavelShkapenko"]
[Black "andrzej"]
[Result "0-1"]
[WhiteElo "2720"]
[BlackElo "2524"]
[TimeControl "180+1"]
[EndTime "9:55:46 PST"]
[Termination "andrzej won on time"]

1. e4 e5 2. Nf3 Nf6 3. Nc3 Bb4 4. Nxe5 O-O 5. Be2 Re8 6. Nd3 Bxc3 7. dxc3 Nxe4 8. O-O d6 9. Be3 b6 10. c4 Bb7 11.
Nb4 Nd7 12. Nd5 Nef6 13. Qd2 h6 14. Rad1 Nc5 15. Bf3 Nxd5 16. cxd5 Qf6 17. Bd4 Qg5 18. Qxg5 hxg5 19. Rfe1 a5 20. g3 f6 21. c4 Kf7 22.
Bg4 a4 23. Bxc5 bxc5 24. Bd7 Rxe1+ 25. Rxe1 Ba6 26. Re4 Rb8 27. Bxa4 Rxb2 28. Be8+ Kf8 29. Bg6 Rb8 30. Kg2 Bb7 31. h4 c6 32. hxg5 cxd5 33. Rh4 dxc4+ 34. f3 Ke7 35. Rxc4 Bd5 36. Rc2 fxg5 37.
Rd2 Bc6 38. Kf2 Ra8 39. Re2+ Kf6 40. Bb1 Ra3 41. Re3 Rxe3 42. Kxe3 d5 43. Bc2 d4+ 44.
Kd3 Ke5 45. a4 Bxf3 46. a5 Bb7 47. Bb3 Kf5 48. Kc4 Ke4 49. Kxc5 d3 50. Kb6 Ba8 51. Ka7 Bc6 52. Kb6 Ba8 0-1

[Event "Early-Titled-Tuesday-Blitz-February-27-2024"]
[Site "Chess.com"]
[Date "2024.02.27"]
[Round "10"]
[White "LeninGuerra"]
[Black "Slovineanu"]
[Result "1/2-1/2"]
[WhiteElo "2575"]
[BlackElo "2478"]
[TimeControl "180+1"]
[EndTime "9:55:46 PST"]
[Termination "Game drawn by repetition"]

1. e4 e6 2. d4 d5 3. Nd2 Nf6 4. e5 Nfd7 5. Bd3 c5 6. c3 Nc6 7. Ne2 Be7 8. O-O Rb8 9. f4 g6 10. Nf3 b5 11. a3 a5 12. Kh1 Qb6 13.
Be3 Ba6 14. Ng3 b4 15. axb4 cxb4 16. c4 dxc4 17. Be4 O-O 18. Re1 Qb5 19. d5 exd5 20.
Bxd5 Rbd8 21. Bxc6 Qxc6 22. Rxa5 Nxe5 23. Nxe5 Rxd1 24.
Rxd1 Qe6 25. Bc5 Bxc5 26. Rxc5 Rc8 27. Rcd5 c3 28. bxc3 bxc3 29. R5d4 c2 30. Rc1 Qb6 31. Re4 Qb1 32. Ree1 Qb4 33. Rg1 Qxf4 34. Nf3 Bb7 35. Ne2 Qe3 36. Ned4 Bxf3 37. Nxf3 Kg7 38. h3 h6 39. Kh2 g5 40. Rge1 Qf4+ 41. Kh1 Rc3 42. Ng1 h5 43. Ne2 Qd2 44. Nxc3 Qxc3 45. Re2 g4 46.
Rexc2 Qe3 47. Kh2 f5 48. Rf1 Kg6 49. hxg4 hxg4 50. Kh1 Qe4 51. Rcf2 Kg5 52. Rxf5+ Qxf5 53. Rxf5+ Kxf5 54. Kg1 Kf4 55. Kf2 g3+ 56. Ke2 Ke4 57. Kd2 Kd4 58. Ke2 Ke4 59. Kd2 Kd4 60. Ke2 Ke4 1/2-1/2

[Event "Early-Titled-Tuesday-Blitz-February-27-2024"]
[Site "Chess.com"]
[Date "2024.02.27"]
[Round "10"]
[White "VinzentSpitzl"]
[Black "nicolasbatista3"]
[Result "0-1"]
[WhiteElo "2516"]
[BlackElo "2432"]
[TimeControl "180+1"]
[EndTime "9:55:46 PST"]
[Termination "nicolasbatista3 won on time"]

1. e4 c6 2. Nf3 d5 3. Nc3 Bg4 4. h3 Bxf3 5. Qxf3 e6 6. Be2 Nf6 7. O-O Be7 8. d4 dxe4 9. Nxe4 Nxe4 10. Qxe4 Nd7 11. c3 Nf6 12. Qd3 O-O 13. Re1 c5 14.
dxc5 Bxc5 15. Bg5 Qb6 16. Qf3 Nd5 17. b4 Be7 18. Bxe7 Nxe7 19. a3 a5 20. Bd3 Rfc8 21. Be4 Rc7 22. Red1 g6 23. h4 Rac8 24. Qf6 h5 25.
Rd3 axb4 26. axb4 Qb5 27. Rad1 Rf8 28. Rd8 Re8 29. c4 Qa4 30. b5 Rc8 31. Rxe8+ Rxe8 32. Qd4 b6 33. Rd2 Nf5 34. Bxf5 exf5 35. Qxb6 Qxc4 36.
g3 Re1+ 37. Kh2 Qe4 38. Qd8+ Kh7 39. f3 Qxf3 40. Rg2 Re2 41. Rxe2 Qxe2+ 42. Kh3 Qxb5 43. Qf6 Qd5 44. Kh2 Qe6 45. Qd8 Kg7 46. Kg2 Qe2+ 47. Kh3 Qg4+ 48. Kh2 Qe4 0-1

[Event "Early-Titled-Tuesday-Blitz-February-27-2024"]
[Site "Chess.com"]
[Date "2024.02.27"]
[Round "10"]
[White "FernandoArauzAlonso"]
[Black "Ramla2020"]
[Result "1/2-1/2"]
[WhiteElo "2612"]
[BlackElo "2404"]
[TimeControl "180+1"]
[EndTime "9:55:46 PST"]
[Termination "Game drawn by repetition"]

1. Nf3 d5 2. g3 c6 3. Bg2 Nf6 4. O-O Bf5 5. b3 h6 6. Bb2 e6 7. d3 Be7 8. Nbd2 O-O 9. c4 Nbd7 10. Rc1 dxc4 11. Nxc4 Nb6 12. Qc2 Nxc4 13. Qxc4 Qd5 14. Ne5 Qxc4 15. Rxc4 Rad8 16. Rfc1 Nd7 17. Nxd7 Rxd7 18.
Be5 f6 19. Bf4 e5 20. Be3 Be6 21. Ra4 a6 22. Bc5 Rfd8 23. Bxe7 Rxe7 24. Ra5 Red7 25. Rac5 Kf7 26. h4 g5 27. hxg5 hxg5 28. Be4 Ke7 29. f4 exf4 30. gxf4 gxf4 31. Kf2 Rh8 32. Rh1 Rdd8 33.
Rch5 Rxh5 34. Rxh5 Kd6 35. Kf3 b5 36. Kxf4 a5 37.
Rh6 Rf8 38. Bf5 Bd5 39. e4 Bg8 40. e5+ Kc5 41. Rxf6 Rd8 42. Be4 Bd5 43. e6 Kd6 44. Kf5 Rh8 45. Bxd5 cxd5 46. e7+ Kxe7 47. Rb6 b4 48.
Ke5 Rh5+ 49. Kd4 Rh2 50. Kxd5 Rxa2 51. Rb7+ Kd8 52. d4 Ra3 53. Kd6 Kc8 54. Rc7+ Kb8 55. Rc5 a4 56. bxa4 Rxa4 57. Rb5+ Kc8 58. d5 Ra6+ 59.
Kc5 Kd7 60. Rxb4 Ra5+ 61. Kd4 Ra1 62. Rb7+ Kd6 63. Rg7 Rd1+ 64. Kc4 Rc1+ 65. Kd4 Rd1+ 66. Kc4 Rc1+ 67. Kd4 Rd1+ 1/2-1/2

[Event "Early-Titled-Tuesday-Blitz-February-27-2024"]
[Site "Chess.com"]
[Date "2024.02.27"]
[Round "10"]
[White "maciek_92"]
[Black "Oleksandr_Bortnyk"]
[Result "1-0"]
[WhiteElo "2871"]
[BlackElo "3047"]
[TimeControl "180+1"]
[EndTime "9:55:47 PST"]
[Termination "maciek_92 won on time"]

1. c4 Nf6 2. Nc3 b6 3. e4 e5 4. g3 Bb7 5. Bg2 Bc5 6. Nge2 Nc6 7. O-O O-O 8. d3 Nd4 9. h3 c6 10. Kh2 d5 11. f4 exf4 12. gxf4 dxc4 13. dxc4 Ba6 14. b3 Bc8 15. Ng3 h5 16. Nxh5 Nxh5 17. Qxh5 Nc2 18. Rb1 Qd3 19. Rf3 Qd4 20. Bb2 Ne3 21.
Nd1 Qxe4 22. Rg3 Qxf4 23. Nxe3 Bd6 24. Nf1 Qf5 25. Qxf5 Bxf5 26. Rd1 Bxg3+ 27. Nxg3 Be6 28. Bxc6 Rad8 29. Bd5 Rd7 30. Nh5 Rfd8 31. Bxg7 Bxd5 32. cxd5 Rc7 33. Be5 Rc2+ 34. Kg3 f5 35. Kf4 Rf2+ 36. Ke3 Rxa2 37. Rg1+ Kf8 38. d6 Kf7 39. Rg7+ Ke6 40. Re7+ Kd5 41. Nf6+ Kc6 42. Rc7+ Kb5 43. d7 Ra3 44.
Rc8 Rxb3+ 45. Bc3 Rxd7 46. Nxd7 a5 47. h4 a4 48. h5 a3 49. Kd2 Rb1 50. Ra8 Rh1 51.
Rxa3 Rxh5 52. Rb3+ Kc4 53. Rb4+ Kd5 54. Nf6+ 1-0

[Event "Early-Titled-Tuesday-Blitz-February-27-2024"]
[Site "Chess.com"]
[Date "2024.02.27"]
[Round "10"]
[White "ahkashefi2800"]
[Black "starworld123"]
[Result "0-1"]
[WhiteElo "2619"]
[BlackElo "2859"]
[TimeControl "180+1"]
[EndTime "9:55:49 PST"]
[Termination "starworld123 won by checkmate"]

1. Nf3 g6 2. g3 Bg7 3. Bg2 Nf6 4.
O-O O-O 5. b3 d6 6. Bb2 e5 7. d3 Re8 8. Nbd2 c6 9. c4 a5 10. a3 Na6 11. Qc2 h6 12. Bc3 Qb6 13. e3 Bf5 14. Rab1 e4 15. dxe4 Nxe4 16. Bxg7 Nxd2 17.
Qxd2 Kxg7 18. Rb2 Rad8 19. Nd4 Bc8 20. b4 axb4 21. axb4 Nc7 22. Qc3 Kg8 23. Ra1 Ne6 24. b5 Nxd4 25. exd4 c5 26. Rd2 Be6 27. Rad1 Rd7 28.
h3 Ra8 29. d5 Bf5 30. g4 Bxg4 31.
hxg4 Re7 32. Rd3 Ra4 33. Rh3 Qa5 34. Qf6 Re1+ 35. Rxe1 Qxe1+ 36. Kh2 Ra1 37. Rxh6 Qg1+ 38. Kg3 Ra3+ 39. Kh4 Qh2+ 40. Kg5 Qe5+ 41. Qxe5 dxe5 42. d6 Kg7 43. Bd5 f6+ 44. Kh4 g5+ 45. Kh5 Rh3# 0-1

[Event "Early-Titled-Tuesday-Blitz-February-27-2024"]
[Site "Chess.com"]
[Date "2024.02.27"]
[Round "10"]
[White "Zhigalko_Sergei"]
[Black "wqws"]
[Result "1-0"]
[WhiteElo "2903"]
[BlackElo "2707"]
[TimeControl "180+1"]
[EndTime "9:55:49 PST"]
[Termination "Zhigalko_Sergei won by resignation"]

1. e4 e5 2. Nf3 Nc6 3. Bc4 Nf6 4. d3 Be7 5. O-O O-O 6. Nbd2 d6 7.
c3 Be6 8. Re1 Qd7 9. Bb5 a6 10.
Ba4 b5 11. Bc2 Bg4 12. h3 Bh5 13. Nf1 Bg6 14. Ng3 Rae8 15. a4 b4 16. a5 Nd8 17.
d4 bxc3 18. bxc3 exd4 19. cxd4 Nh5 20. Nf1 c6 21. Bd3 f5 22. e5 Ne6 23. Bxa6 Nef4 24. exd6 Bxd6 25. Bc4+ Kh8 26. Ne5 Qc7 27. Nxg6+ hxg6 28. a6 c5 29. Rxe8 Rxe8 30. Qf3 cxd4 31. Bb5 Rd8 32. a7 Kh7 33. a8=Q Rxa8 34. Qxa8 d3 35. Bxf4 Nxf4 36. Qf3 Qc3 37. Rd1 Qc2 38. Bxd3 Qc3 39. Kh1 Be5 40. h4 Ne6 41. g3 Nc5 42. Qd5 Qb2 43. Qxc5 Bd4 44. Qd5 Qxf2 45. Qg2 Kh6 46.
Qxf2 Bxf2 47. Kg2 Bd4 48. Bxf5 gxf5 1-0

[Event "Early-Titled-Tuesday-Blitz-February-27-2024"]
[Site "Chess.com"]
[Date "2024.02.27"]
[Round "10"]
[White "whiteglovethief"]
[Black "ljuks68"]
[Result "1/2-1/2"]
[WhiteElo "2503"]
[BlackElo "2417"]
[TimeControl "180+1"]
[EndTime "9:55:49 PST"]
[Termination "Game drawn by repetition"]

1. d4 d5 2. c4 c6 3. Nf3 Nf6 4. e3 e6 5. Nbd2 c5 6. Bd3 Nc6 7. O-O cxd4 8. exd4 Bd6 9. cxd5 Nxd5 10. Nc4 Be7 11.
Nce5 O-O 12. Nxc6 bxc6 13. Qc2 Nb4 14. Bxh7+ Kh8 15. Qb1 f5 16. Bg6 Ba6 17. Rd1 Be2 18. Bd2 Bxf3 19. gxf3 Rf6 20. Bh5 g6 21. Bg5 Rf7 22.
Bf4 gxh5 23. Qc1 Qd5 24. a3 Qxf3 25. axb4 Rg8+ 26. Bg3 f4 27. Ra3 Qd5 28. Ra5 Qf3 29.
Ra3 Qg4 30. Qxc6 h4 31. Rf1 fxg3 32. hxg3 h3 33. Kh2 Bh4 34. gxh4 Qf4+ 35. Kh1 Rg2 36. Rxh3 Rxf2 37. Rxf2 Qxf2 38. Qa8+ Rf8 39. Qg2 Qe1+ 40.
Kh2 Qd1 41. Rg3 Qh5 42. Rg5 Qxh4+ 43. Qh3 Qxh3+ 44. Kxh3 Rf3+ 45. Rg3 Rf2 46. Rg1 Rxb2 47. Rg2 Rxb4 48. Ra2 Rxd4 49. Rxa7 Re4 50. Kg3 Re5 51. Kf3 Rf5+ 52. Ke4 Rf6 53. Re7 Rh6 54. Ra7 Rg6 55. Rd7 Rh6 56. Ra7 Rg6 57. Rb7 Rh6 58.
Ra7 1/2-1/2

[Event "Early-Titled-Tuesday-Blitz-February-27-2024"]
[Site "Chess.com"]
[Date "2024.02.27"]
[Round "10"]
[White "Boundless_Strike"]
[Black "MightyGMpretender"]
[Result "1-0"]
[WhiteElo "2652"]
[BlackElo "2766"]
[TimeControl "180+1"]
[EndTime "9:55:50 PST"]
[Termination "Boundless_Strike won by resignation"]

1. d4 d5 2. e4 dxe4 3. Nc3 Nf6 4. f3 e3 5. Bxe3 Bf5 6. g4 Bg6 7. h4 h5 8. Nh3 hxg4 9. fxg4 Rxh4 10. Bg5 Rh7 11. Qf3 Nc6 12. Bb5 Qd6 13. d5 O-O-O 14. dxc6 Qb4 15. Rd1 Rd6 16. Bf4 Be4 17. Bxd6 exd6 18.
Qf4 d5 19. a3 Qa5 20. Bd3 Bxh1 21. Bxh7 bxc6 22. Bf5+ Kb7 23. g5 Bxa3 24. bxa3 Qxc3+ 25.
Rd2 Ne4 26. Bxe4 Bxe4 27. Nf2 Bxc2 28. Qb4+ Qxb4 29. axb4 Bf5 30. Ra2 Kb6 31. Ra5 f6 32.
gxf6 gxf6 33. Kd2 Bg6 34. Ke3 Bc2 35. Ng4 f5 36. Ne5 Be4 37. Nd7+ Kb7 38. Nc5+ Kb6 39. Ne6 Bc2 40. Nd4 Be4 41. Rc5 Kb7 42. Rxc6 Kb8 43.
Rc5 Kb7 44. Kf4 Kb6 45. Nxf5 a5 46. Rxa5 c6 47. Rc5 Bd3 48. Nd4 Bc4 49. Rxc6+ Kb7 50.
Rc5 Kb6 51. Ke5 Ba2 52. Kd6 Kb7 53. Rc6 Ka7 54. Kc5 Kb7 55. Rf6 Kc7 56. b5 Kd8 57. Rf7 1-0

[Event "Early-Titled-Tuesday-Blitz-February-27-2024"]
[Site "Chess.com"]
[Date "2024.02.27"]
[Round "10"]
[White "tetrix83"]
[Black "AlexTruskavetsky"]
[Result "1-0"]
[WhiteElo "2583"]
[BlackElo "2731"]
[TimeControl "180+1"]
[EndTime "9:55:51 PST"]
[Termination "tetrix83 won by checkmate"]

1. e4 c5 2. Nf3 Nc6 3. Bb5 g6 4. O-O Bg7 5. c3 Nf6 6. Re1 O-O 7. d4 cxd4 8. cxd4 d6 9. h3 Bd7 10.
Nc3 a6 11. Bf1 Rc8 12. Be3 Na5 13. e5 Ne8 14. Rc1 Nc4 15. Bg5 dxe5 16. dxe5 h6 17. Bxe7 Qxe7 18. Nd5 Qd8 19. Bxc4 Be6 20. Ne3 Nc7 21.
Bxe6 Nxe6 22. Qxd8 Rfxd8 23. Rxc8 Rxc8 24. Rd1 Rc7 25. b3 Bf8 26. Nd5 Rc2 27. Nf6+ Kg7 28. Rd2 Rxd2 29. Nxd2 Bc5 30. g3 Bd4 31. Nd7 Bc3 32. Ne4 Bd4 33. Kg2 Nd8 34. f4 h5 35.
Nd6 b5 36. Ne8+ Kg8 37. Nc7 h4 38. gxh4 Nc6 39. Nxa6 Ne7 40. Nc7 b4 41. Nf6+ Kg7 42.
Ncd5 Nc6 43. Kf3 Bb2 44. Ke4 Ba3 45. h5 Nd8 46. hxg6 Kxg6 47. h4 Kh6 48. f5 Nc6 49.
Ne3 Bb2 50. Neg4+ Kg7 51. h5 Bc1 52. Kd5 Ne7+ 53. Ke4 Nc6 54. Nd5 Bd2 55. f6+ Kf8 56. h6 Kg8 57. Ne7+ Kh7 58. Nxc6 Kg6 59. Ne7+ Kh7 60. e6 Bxh6 61. Nxh6 Kxh6 62. exf7 Kh7 63. Kf5 Kh6 64. f8=Q+ Kh5 65. Qh8# 1-0